 Dungeon Crawl Stone Soup version 0.26-a0-834-g69557b85cc (webtiles) character file.

Game seed: 9716542841004150879

18 kreisler the Ruffian (level 2, 0/23 HPs)
             Began as a Draconian Transmuter on Nov 16, 2020.
             Slain by a goblin (2 damage)
             ... on level 2 of the Dungeon.
             The game lasted 00:05:07 (984 turns).

kreisler the Ruffian (Draconian Transmuter)          Turns: 984, Time: 00:05:08

Health: 0/23       AC:  4    Str: 12    XL:     2   Next: 48%
Magic:  5/5        EV: 12    Int: 13    God:
Gold:   45         SH:  0    Dex: 11    Spells: 4/5 levels left

rFire    . . .     SeeInvis .   e - +0 dagger
rCold    . . .     Faith    .   (no shield)
rNeg     . . .     Spirit   .   (armour unavailable)
rPois    .         Reflect  .   (helmet restricted)
rElec    .         Harm     .   (no cloak)
rCorr    .         Rampage  .   (no gloves)
MR       .....                  (no boots)
Stlth    +.........             (no amulet)
HPRegen  0.07/turn              (no ring)
MPRegen  0.09/turn              (no ring)

@: no status effects
A: unfitting armour, cold-blooded, AC +4
a: no special abilities


You were on level 2 of the Dungeon.
You visited 1 branch of the dungeon, and saw 2 of its levels.

You collected 45 gold pieces.

Inventory:

Hand Weapons
 e - a +0 dagger (weapon)
Armour
 c - a +0 ring mail
Scrolls
 f - a scroll of immolation {unknown}


   Skills:
 + Level 1.1 Fighting
 + Level 2.0 Dodging
 + Level 3.4 Unarmed Combat
 + Level 2.2 Spellcasting
 + Level 2.2 Transmutations


You had 4 spell levels left.
You knew the following spells:

 Your Spells              Type           Power        Failure   Level
a - Beastly Appendage     Tmut           #.....       10%         1

Your spell library contained the following spells:

 Spells                   Type           Power        Failure   Level
 Wereblood                Tmut           #.......     16%         2
 Spider Form              Tmut/Pois      #.........   43%         3
 Ice Form                 Ice/Tmut       #.......     85%         4
 Blade Hands              Tmut           #.........   95%         5


Dungeon Overview and Level Annotations

Branches:
Dungeon (2/15)

Altars:


Innate Abilities, Weirdness & Mutations

Your plain brown scales are hard. (AC +4)
You cannot fit into any form of body armour.
You are cold-blooded and may be slowed by cold attacks.


Message History

* * * LOW HITPOINT WARNING * * *
As you read the scroll labelled ZAGUSA OLOUGOI, it crumbles to dust.
You assume a fearsome visage.
The bat looks frightened!
The goblin looks frightened! x3; The dart slug looks frightened!
The hobgoblin looks frightened!
The goblin looks frightened!
It was a scroll of fear.
The goblin gives up.
You barely miss the goblin.
Your attack snaps the goblin out of its fear.
You tail-slap the goblin.
The goblin is moderately wounded.
The goblin barely misses you.
You see here a ball python corpse.
You hit the goblin.
The goblin is severely wounded.
The goblin hits you but does no damage.
You miss the goblin.
The goblin is severely wounded.
The goblin hits you.
You die...

# .# . ###.#.# #.
#.....##. . ###.# #..
.. .###..@## #.# ...
.......g.## ..# ....
........[.###.##.....
............)S.......
..g........w†<.#....
..g....g.....### .
.............#
.............#
...........##


You could see a dart slug (fleeing), a hobgoblin (fleeing) and 3 goblins.

Vanquished Creatures
  A worm (D:2)
  4 goblins (D:1)
  3 hobgoblins
  3 kobolds
  A ball python (D:2)
  2 rats
14 creatures vanquished.

Vanquished Creatures (others)
  3 plants (D:1)
3 creatures vanquished.

Grand Total: 17 creatures vanquished

Notes
Turn   | Place    | Note
-------+----------+-------------------------------------------
     0 | D:1      | kreisler the Draconian Transmuter began the quest for the
                  | Orb.
     0 | D:1      | Reached XP level 1. HP: 16/16 MP: 3/3
   401 | D:1      | Reached XP level 2. HP: 12/23 MP: 3/5
   979 | D:2      | HP: 1/23 [goblin/+0 dagger (1)]
   984 | D:2      | Slain by a goblin

Illustrated notes

Levels and vault maps discovered:
D:1:      kennysheep_arrival_seaside, layout_loops_cross, minivault_23
D:2:      layout_rooms, marbit_many_paths

Skill      XL: |  1  2 |
---------------+-------+-----
Dodging        | 2 |  2.0
Fighting       | |  1.1
Unarmed Combat | |  3.4
Spellcasting   | |  2.2
Transmutations | |  2.2

Action                   || total
-------------------------++-------
Melee: Unarmed           ||    18
       Kick              ||     8
       Headbutt          ||     6
       Dagger            ||    40
       Tailslap          ||     7
 Cast: Beastly Appendage ||     4
  Use: Potion            ||     2
       Scroll            ||     1
 Stab: Sleeping          ||     1
Armor: Skin              ||    21
Dodge: Dodged            ||    53

Table legend: (Time is in decaauts)
 A = Elapsed time spent in this place.
 B = Non-inter-level travel time spent in this place.
 C = Inter-level travel time spent in this place.
 D = Time resting spent in this place.
 E = Time spent auto-exploring this place.
 F = Levels seen in this place.
 G = Mean time per level.
                   A        B        C        D        E       F      G
               +--------+--------+--------+--------+--------+-----+--------+
         Total |    987 |    987 |      0 |      0 |    746 |   2 |  493.5 |
       Dungeon |    987 |    987 |      0 |      0 |    746 |   2 |  493.5 |
               +--------+--------+--------+--------+--------+-----+--------+

Top non-repeatable levels by time:
     D:1: 952 daAuts
     D:2: 34 daAuts
